 Dungeon Sprint DCSS version 0.28-a0-1412-gf95308ed99 (webtiles) character file.

Game seed: 12534404972040779791

583 mhtbhm the Protected (level 7, -4/70 HPs)
             Began as a Minotaur Fighter on Jan 6, 2022.
             Was an Initiate of Gozag.
             Slain by a catoblepas (12 damage)
             ... while petrified by a catoblepas
             ... in the Dungeon (Sprint IX: "|||||||||||||||||||||||||||||").
             The game lasted 00:01:10 (378 turns).

mhtbhm the Protected (Minotaur Fighter)              Turns: 378, Time: 00:01:11

Health: -4/70      AC: 13    Str: 22    XL:     7   Next: 14%
Magic:  6/6        EV:  2    Int:  5    God:    Gozag
Gold:   405        SH:  0    Dex: 10    Spells: 6/6 levels left

rFire   . . .      SeeInvis .   a - +2 rapier (drain)
rCold   . . .      Faith    .   c - +0 buckler
rNeg    + + +      Spirit   .   b - +1 scale mail
rPois   ∞          Reflect  .   (helmet restricted)
rElec   .          Harm     .   (no cloak)
rCorr   .          Rampage  .   m - +0 pair of gloves
Will    .....      NoTele   +   (no boots)
Stlth   ..........              (no amulet)
HPRegen 0.21/turn               n - +2 ring of protection
MPRegen 0.10/turn               o - +2 ring of evasion

@: petrified
A: horns 2, retaliatory headbutt
a: Renounce Religion, Potion Petition, Call Merchant, Bribe Branch


You were in the Dungeon.
You worshipped Gozag.
Gozag was aware of your devotion.
You visited 1 branch You collected 405 gold pieces.

Inventory:

Hand Weapons
 a - a +2 rapier of draining (weapon)
Armour
 b - a +1 scale mail (worn)
 c - a +0 buckler (worn)
 m - a +0 pair of gloves (worn)
Jewellery
 n - a +2 ring of protection (left hand)
 o - a +2 ring of evasion (right hand)
Wands
 l - a wand of iceblast (10)
Scrolls
 j - a scroll of blinking
 k - 2 scrolls of amnesia
Potions
 e - a potion of invisibility
 f - 3 potions of heal wounds
 g - a potion of haste
 h - 4 potions of magic
 i - 2 potions of curing


   Skills:
 + Level 9.5 Fighting
 + Level 9.0 Short Blades
 + Level 10.3 Armour
 + Level 3.1 Dodging
 + Level 9.1 Shields


You had 6 spell levels left.
You didn't know any spells.
Your spell library was empty.

Dungeon Overview and Level Annotations

Branches:
Dungeon (1/1)

Altars:
Cheibriados
Dithmenos
Elyvilon
Fedhas
Gozag
Hepliaklqana
Kikubaaqudgha
Makhleb
Nemelex Xobeh
Okawaru
Qazlal
Ru
Sif Muna
Trog
Uskayaw
Vehumet
Wu Jian
Xom
Yredelemnul
Zin
The Shining One
Beogh
Jiyva
Lugonu


Innate Abilities, Weirdness & Mutations

You have a pair of horns on your head.
You reflexively headbutt those who attack you in melee.


Message History

You puncture the catoblepas!
You headbutt the catoblepas, but do no damage.
The catoblepas is lightly wounded.
You are engulfed in calcifying dust.
You are slowing down.
The tengu conjurer is engulfed in calcifying dust.
Unknown command.
Unknown command.
Unknown command.
You hit the catoblepas. You drain the catoblepas.
The catoblepas is lightly wounded.
You are engulfed in calcifying dust.
The catoblepas gores you!!
* * * LOW HITPOINT WARNING * * *
The tengu conjurer is engulfed in calcifying dust.
The catoblepas breathes a plume of calcifying dust at you.
The blast of calcifying dust hits you.
* * * LOW HITPOINT WARNING * * *
The blast of calcifying dust hits the tengu conjurer!
Your limbs are stiffening.
Unknown command.
Unknown command.
Blink to where?
Press: ? - help, Dir - move target
As you read the scroll of blinking, it crumbles to dust.
The tengu conjurer is engulfed in calcifying dust. x2
You have turned to stone.
The catoblepas breathes a plume of calcifying dust at you.
The blast of calcifying dust hits the tengu conjurer!
The blast of calcifying dust hits you.
* * * LOW HITPOINT WARNING * * *
The tengu conjurer is engulfed in calcifying dust.
You are engulfed in calcifying dust.
The tengu conjurer is engulfed in calcifying dust.
You are engulfed in calcifying dust.
The tengu conjurer is no longer petrified.
You are engulfed in calcifying dust. x3
The catoblepas gores you but does no damage.
You are engulfed in calcifying dust.
The catoblepas gores you!!
You die...
Your body crumbles into a pile of gold. $$$$$ $ $ $ $$$$$

$$$ $ $
▓▓▓▓▓▓▓▓▓▓▓▓▓▓▓▓▓▓▓▓▓▓▓▓▓▓▓▓▓
+....u.c.WQY@)))..[[.)..'____
▓▓▓▓▓▓▓▓▓▓▓▓▓▓▓▓▓▓▓▓▓▓▓▓▓▓▓▓▓


You could see a catoblepas (drained), a green ugly thing, a centaur warrior, a
wraith and a tengu conjurer.

Vanquished Creatures
  An acid dragon (D)
  A water moccasin (D)
  A necrophage (D)
  An ogre (D)
  3 orc wizards (D)
  An adder (D)
  An adder zombie (D)
  A bat zombie (D)
  A giant cockroach (D)
  A goblin (D)
  2 quokkas (D)
  A rat (D)
15 creatures vanquished.

Vanquished Creatures (others)
  A vampire (D)
1 creature vanquished.

Grand Total: 16 creatures vanquished

Notes
Turn   | Place    | Note
-------+----------+-------------------------------------------
     0 | D        | mhtbhm the Minotaur Fighter began the quest for the Orb.
     0 | D        | Reached XP level 1. HP: 19/19 MP: 0/0
     6 | D        | Reached skill level 4 in Armour
    52 | D        | Noticed an ogre
    52 | D        | Noticed a necrophage
    52 | D        | Noticed a water moccasin
    68 | D        | Killed a water moccasin
    69 | D        | Reached skill level 6 in Armour
    69 | D        | Reached skill level 1 in Dodging
    69 | D        | Reached XP level 2. HP: 14/31 MP: 1/1
    69 | D        | Reached XP level 3. HP: 18/38 MP: 2/2
    69 | D        | Reached XP level 4. HP: 21/45 MP: 3/3
    70 | D        | Reached skill level 5 in Short Blades
    72 | D        | Killed a necrophage
    73 | D        | Reached skill level 7 in Armour
    73 | D        | Reached XP level 5. HP: 37/53 MP: 4/4
    75 | D        | Killed an ogre
    76 | D        | Reached skill level 8 in Armour
    76 | D        | Reached XP level 6. HP: 42/62 MP: 5/5
   234 | D        | Found a snail-covered altar of Cheibriados.
   234 | D        | Found a shadowy altar of Dithmenos.
   234 | D        | Found a white marble altar of Elyvilon.
   234 | D        | Found a blossoming altar of Fedhas.
   234 | D        | Found an opulent altar of Gozag.
   235 | D        | Found a hazy altar of Hepliaklqana.
   236 | D        | Found a viscous altar of Jiyva.
   237 | D        | Found an ancient bone altar of Kikubaaqudgha.
   238 | D        | Found a corrupted altar of Lugonu.
   239 | D        | Found a burning altar of Makhleb.
   240 | D        | Found a sparkling altar of Nemelex Xobeh.
   241 | D        | Found an iron altar of Okawaru.
   242 | D        | Found a stormy altar of Qazlal.
   243 | D        | Found a sacrificial altar of Ru.
   246 | D        | Became a worshipper of Gozag Ym Sagoz the Greedy
   249 | D        | Found a shimmering blue altar of Sif Muna.
   250 | D        | Found a bloodstained altar of Trog.
   251 | D        | Found a hide-covered altar of Uskayaw.
   252 | D        | Found a radiant altar of Vehumet.
   253 | D        | Found an ornate altar of the Wu Jian Council.
   254 | D        | Found a shimmering altar of Xom.
   255 | D        | Found a basalt altar of Yredelemnul.
   256 | D        | Found a glowing silver altar of Zin.
   257 | D        | Found a glowing golden altar of the Shining One.
   304 | D        | Noticed an acid dragon
   304 | D        | Noticed a vampire
   319 | D        | Killed a vampire
   320 | D        | Reached skill level 9 in Armour
   322 | D        | Killed an acid dragon
   323 | D        | Reached skill level 10 in Armour
   326 | D        | Reached XP level 7. HP: 54/70 MP: 6/6
   352 | D        | Noticed a green ugly thing
   352 | D        | Noticed a centaur warrior
   352 | D        | Noticed a vampire
   352 | D        | Noticed a wraith
   352 | D        | Noticed a catoblepas
   352 | D        | Noticed a tengu conjurer
   378 | D        | Slain by a catoblepas

Illustrated notes

Levels and vault maps discovered:
D:        linesprint [early_d, line_temple, items_1, d_10, items_2, lair_1,
          lair_end, items_3, orc_1, orc_end, items_4, d_15, swamp_1, shoals_1,
          snake_1, spider_1, d_20, vaults_1, items_5, swamp_end, shoals_end,
          snake_end, spider_end, vaults_end, d_27, items_6, zot_1, zot_end,
          crypt_end, forest_end, elf_end, slime_end, tomb_end, abyss_end,
          pan_hell_end]

Skill      XL: |  1  2  3  4  5  6  7 |
---------------+----------------------+-----
Fighting       | 6 7 8 9 |  9.5
Armour         | 6 7 8 10 | 10.3
Shields        | 6 7 8 9 |  9.1
Short Blades   | 4 6 7 8 9 |  9.0
Dodging        | 1 2 3 |  3.1

Action                   |  1- 3 |  4- 6 |  7- 9 || total
-------------------------+-------+-------+-------++-------
Melee: Rapier            |    21 |    24 |    13 ||    58
       Headbutt          |     1 |     3 |     1 ||     5
  Use: Potion            |     1 |     4 |       ||     5
       Scroll            |       |       |     1 ||     1
Armor: Scale mail        |     7 |     9 |    11 ||    27
Dodge: Dodged            |     9 |     6 |     3 ||    18
Block: Buckler           |     6 |     1 |     2 ||     9

Table legend: (Time is in decaauts)
 A = Elapsed time spent in this place.
 B = Non-inter-level travel time spent in this place.
 C = Inter-level travel time spent in this place.
 D = Time resting spent in this place.
 E = Time spent auto-exploring this place.
 F = Levels seen in this place.
 G = Mean time per level.
                   A        B        C        D        E       F      G
               +--------+--------+--------+--------+--------+-----+--------+
         Total |    387 |    387 |      0 |    201 |      3 |   1 |  387.0 |
       Dungeon |    387 |    387 |      0 |    201 |      3 |   1 |  387.0 |
               +--------+--------+--------+--------+--------+-----+--------+

Top non-repeatable levels by time:
       D: 387 daAuts
